 Dungeon Crawl Stone Soup version 0.27.0-1-g7a089689b8 (webtiles) character file.

Game seed: 2793344586144529764

1309 ZombieSheep the Skirmisher (level 8, -9/71 HPs)
             Began as a Minotaur Monk on Aug 4, 2021.
             Was an Elder of Zin.
             Mangled by a two-headed ogre (10 damage)
             ... on level 5 of the Dungeon.
             The game lasted 00:11:07 (4807 turns).

ZombieSheep the Skirmisher (Minotaur Monk)          Turns: 4807, Time: 00:11:08

Health: -9/71      AC:  8    Str: 18    XL:     8   Next: 32%
Magic:  10/10      EV: 12    Int:  7    God:    Zin [****..]
Gold:   155        SH:  0    Dex: 13    Spells: 7/7 levels left

rFire    . . .     SeeInvis .   a - +0 falchion
rCold    . . .     Faith    .   (no shield)
rNeg     . . .     Spirit   .   k - +0 scale mail
rPois    .         Reflect  .   (helmet restricted)
rElec    .         Harm     .   (no cloak)
rCorr    .         Rampage  .   f - +0 pair of gloves
Will     .....                  (no boots)
Stlth    ..........             (no amulet)
HPRegen  0.21/turn              (no ring)
MPRegen  0.12/turn              (no ring)

@: lethally poisoned (-9 -> -13), on recite cooldown
A: horns 2, retaliatory headbutt
a: Renounce Religion, Recite, Vitalisation, Imprison, Donate Gold


You were on level 5 of the Dungeon.
You worshipped Zin.
Zin was greatly pleased with you.
You visited 1 branch of the dungeon, and saw 5 of its levels.

You collected 172 gold pieces.
You donated 17 gold pieces to Zin.

Inventory:

Hand Weapons
 a - a +0 falchion (weapon)
 b - a +1 short sword of holy wrath
Missiles
 e - a throwing net (quivered)
Armour
 f - a +0 pair of gloves (worn)
 k - a +0 scale mail (worn)
Jewellery
 j - a ring of ice
 p - a ring of flight
Scrolls
 c - a scroll of blinking {unknown}
 d - a scroll of teleportation
 n - a scroll of vulnerability {unknown}
 o - a scroll of torment {unknown}
 q - 2 scrolls of immolation {unknown}
Potions
 h - a potion of flight
 i - a potion of haste
 l - 3 potions of curing
 m - 3 potions of heal wounds {unknown}


   Skills:
 + Level 6.5 Fighting
 + Level 6.5 Long Blades
 + Level 5.1 Armour
 + Level 6.0 Dodging
 - Level 1.5 Stealth
 + Level 4.2 Invocations


You had 7 spell levels left.
You didn't know any spells.
Your spell library was empty.

Dungeon Overview and Level Annotations

Branches:
Dungeon (5/15)
 Temple: D:4-7

Altars:
Cheibriados
Hepliaklqana
Makhleb
Okawaru
Ru
Sif Muna
Xom
Zin

Shops:
D:1 (*=?

Annotations:
D:5 Dowan, Duvessa


Innate Abilities, Weirdness & Mutations

You have a pair of horns on your head.
You reflexively headbutt those who attack you in melee.


Message History

You feel very sick. The water moccasin bites you. x2
You are more poisoned.
The water moccasin poisons you!
You closely miss the water moccasin.
Your headbutt misses the water moccasin.
The water moccasin is moderately wounded.
You feel very sick. The water moccasin closely misses you.
You furiously retaliate!
You headbutt the water moccasin! You closely miss the water moccasin.
You headbutt the water moccasin.
The water moccasin is severely wounded.
You feel very sick. The water moccasin bites you.
You closely miss the water moccasin.
The water moccasin is severely wounded.
You feel very sick. The water moccasin barely misses you.
The water moccasin misses you. You furiously retaliate!
You headbutt the water moccasin. You hit the water moccasin.
You kill the water moccasin!
You feel very sick.
Your Dodging skill increases to level 6!
You hit the two-headed ogre but do no damage.
You headbutt the two-headed ogre!
The two-headed ogre is lightly wounded.
You feel sick.
You barely miss the two-headed ogre. You headbutt the two-headed ogre!
The two-headed ogre is moderately wounded.
You feel sick.
The two-headed ogre hits you with a +0 giant spiked club!!
* * * LOW HITPOINT WARNING * * *
The two-headed ogre hits you but does no damage.
You hit the two-headed ogre.
The two-headed ogre is moderately wounded.
You feel sick.
The two-headed ogre hits you with a +0 giant spiked club.
* * * LOW HITPOINT WARNING * * *
The two-headed ogre hits you with a +0 giant spiked club!
You die...

#...... ##.##....##
#...... #†###'#..#
###...... #e##.[##.###
.......##Z.Zh#c....#....
#.....#..$.g##e...#.###
#....g#.....###.[##.#
#...hh#:W.!.#.####..#
#O##...##......####
##@#####.###.)...##
##.....####.....''
####...........##
#######.....## #.....##
#.....##
#############.....##
#.............##'###
#..............#..##


You could see a two-headed ogre, a gnoll shaman and 2 jackals.

Vanquished Creatures
  Sigmund (D:4)
  A yak (D:5)
  An acid dragon (D:5)
  2 water moccasins (D:5)
  An ogre (D:4)
  2 phantoms (D:3)
  A water moccasin zombie (D:5)
  A bullfrog skeleton (D:5)
  3 hounds (D:5)
  4 iguanas
  6 gnolls
  5 adders
  An adder zombie (D:5)
  7 orcs
  3 endoplasms
  2 giant cockroaches
  12 goblins
  4 hobgoblins
  10 jackals
  4 quokkas
  6 ball pythons
  5 bats
  10 frilled lizards
  5 kobolds
  6 rats
103 creatures vanquished.

Vanquished Creatures (collateral kills)
  A scorpion (D:5)
1 creature vanquished.

Vanquished Creatures (others)
  A ball python (D:4)
  9 fungi (D:3)
10 creatures vanquished.

Grand Total: 114 creatures vanquished

Notes
Turn   | Place    | Note
-------+----------+-------------------------------------------
     0 | D:1      | ZombieSheep the Minotaur Monk began the quest for the Orb.
     0 | D:1      | Reached XP level 1. HP: 19/19 MP: 0/0
   125 | D:1      | Found Woefetu's Magic Scroll Emporium.
   131 | D:1      | Found a faded altar of an unknown god.
   146 | D:1      | Became a worshipper of Zin the Law-Giver
   146 | D:1      | Reached * piety under Zin
   146 | D:1      | Reached ** piety under Zin
   239 | D:1      | Reached XP level 2. HP: 24/27 MP: 1/1
   321 | D:1      | Found Voosu's Jewellery Boutique.
   340 | D:1      | Reached *** piety under Zin
   342 | D:1      | Found Lieli's General Store.
   503 | D:1      | Reached skill level 1 in Armour
   561 | D:1      | Found Fycuprir's Weapon Emporium.
   684 | D:1      | Reached XP level 3. HP: 33/33 MP: 2/2
  1171 | D:2      | Reached skill level 1 in Invocations
  1738 | D:2      | Reached XP level 4. HP: 34/40 MP: 3/3
  2426 | D:3      | Found an iron altar of Okawaru.
  2494 | D:3      | Found a burning altar of Makhleb.
  2602 | D:3      | Found a hazy altar of Hepliaklqana.
  2614 | D:3      | Reached **** piety under Zin
  2634 | D:3      | Found a sacrificial altar of Ru.
  2650 | D:3      | Reached XP level 5. HP: 13/47 MP: 5/5
  3252 | D:4      | Noticed a phantom
  3256 | D:4      | Noticed a phantom
  3299 | D:3      | Killed a phantom
  3426 | D:3      | Killed a phantom
  3427 | D:3      | Reached skill level 5 in Fighting
  3427 | D:3      | Reached XP level 6. HP: 42/56 MP: 6/6
  3455 | D:4      | Noticed Sigmund
  3458 | D:4      | Reached skill level 5 in Long Blades
  3670 | D:4      | Killed Sigmund
  3671 | D:4      | Reached XP level 7. HP: 46/61 MP: 5/8
  3919 | D:4      | Found a snail-covered altar of Cheibriados.
  3921 | D:4      | Found a shimmering altar of Xom.
  3921 | D:4      | Noticed a steam dragon
  3922 | D:4      | Found a shimmering blue altar of Sif Muna.
  3927 | D:4      | Reached skill level 5 in Dodging
  3932 | D:5      | Entered Level 5 of the Dungeon
  4056 | D:5      | Noticed a yak
  4100 | D:5      | Killed a yak
  4380 | D:5      | Reached XP level 8. HP: 63/70 MP: 9/9
  4388 | D:5      | Noticed Dowan
  4391 | D:5      | Noticed Duvessa
  4477 | D:5      | Reached skill level 5 in Armour
  4789 | D:5      | Noticed a two-headed ogre
  4807 | D:5      | HP: 1/71 [two-headed ogre (5)]
  4807 | D:5      | Mangled by a two-headed ogre

Illustrated notes

Levels and vault maps discovered:
D:1:      dpeg_arrival_three_smaller_balls, layout_loops_ring,
          hellmonk_ecumenical_altar_run_dry, serial_shops, shop, shop_scrolls,
          shop_statue, shop, kennysheep_nondescript
D:2:      layout_loops_corners
D:3:      layout_loops_ring, mainiacjoe_overflow_chevrons, old_standard_altar,
          mainiacjoe_overflow_boulevard, mainiacjoe_overflow_alcove_2
D:4:      layout_loops_ring, mainiacjoe_overflow_tiny_flanked,
          grunt_temple_overflow_open, grunt_dithmenos_smoke, uniq_sigmund
D:5:      layout_basic, minmay_tree_intersection, minmay_fountain_box,
          minmay_joined_circles, uniq_duvessa, uniq_grinder

Skill      XL: |  1  2  3  4  5  6  7  8 |
---------------+-------------------------+-----
Armour         | 1 2 3 4 5 |  5.1
Fighting       | 4 5 6 |  6.5
Long Blades    | 4 5 6 |  6.5
Invocations    | 1 2 3 4 |  4.2
Dodging        | 4 5 6 |  6.0
Stealth        | |  1.5

Action                   |  1- 3 |  4- 6 |  7- 9 || total
-------------------------+-------+-------+-------++-------
Melee: Falchion          |   100 |   102 |    96 ||   298
       Headbutt          |    14 |    23 |    23 ||    60
Invok: Recite            |       |     7 |     3 ||    10
       Vitalisation      |       |     1 |       ||     1
  Use: Scroll            |     4 |     6 |     2 ||    12
       Potion            |       |       |     1 ||     1
 Stab: Sleeping          |     1 |       |       ||     1
Armor: Robe              |     9 |       |       ||     9
       Ring mail         |     8 |       |       ||     8
       Scale mail        |    22 |    31 |    35 ||    88
Dodge: Dodged            |    55 |    69 |    41 ||   165
       Rpst.: Falchion   |    19 |    19 |    14 ||    52
